AoeStats
← 求求了让老头吃你一分

Arabia

508358354Analyzed
1v1 RM · 8d ago on Sep 22, 2026· 50m 48s· 2 players
Game mode
Random Map
Map size
Tiny (2 player)
Population
200
Speed
Normal
Resources
Standard
Victory
Conquest
Starting age
Dark Age
Ending age
Imperial Age
RankedLock teamsTeams togetherTeam positionsShared explorationLock speedFull tech treeHidden civsTurbo modeCheats
Victory
Defeat
1007
+17
🇦🇷 Vikings · Argentina
1034
-17
求求了让老头吃你一分
6:50 Loom
9:38 Feudal Age
10:16 Double-Bit Axe
11:27 Horse Collar
17:25 Scale Barding Armor
17:32 Gold Mining
20:23 Castle Age
19:42 Fletching
19:58 Scale Barding Armor
20:03 Forging
19:59 Gold Mining
20:51 Crossbowman
21:37 Thumb Ring
23:16 Husbandry
24:06 Bodkin Arrow
25:01 Padded Archer Armor
26:52 Chain Barding Armor
28:39 Wheelbarrow
29:32 Gold Shaft Mining
28:47 Treadmill Crane
32:05 Ballistics
32:31 Elite Skirmisher
34:38 Iron Casting
34:52 Hand Cart
37:38 Imperial Age
36:32 Leather Archer Armor
36:30 Murder Holes
36:32 Stone Mining
37:48 Heavy Camel Rider
39:31 Chemistry
43:31 Light Cavalry
44:48 Plate Barding Armor
44:13 Bracer
44:44 Ring Archer Armor
44:07 Arbalester
45:38 Scale Mail Armor
46:32 Bow Saw
50:01 Conscription
Kaya
8:30 Loom
10:45 Feudal Age
15:38 Castle Age
14:02 Double-Bit Axe
19:13 Gold Mining
22:18 Stone Mining
23:08 Forging
23:58 Horse Collar
24:36 Bow Saw
25:53 Gold Shaft Mining
25:25 Heavy Plow
27:08 Scale Barding Armor
28:02 Fletching
32:06 Imperial Age
30:20 Padded Archer Armor
30:22 Murder Holes
34:34 Bodkin Arrow
36:20 Chemistry
36:55 Cavalier
38:09 Bracer
38:25 Leather Archer Armor
38:30 Elite Berserk
39:35 Conscription
39:42 Scale Mail Armor
40:15 Ballistics
40:53 Squires
40:39 Gambesons
40:42 Arson
41:35 Chain Mail Armor
41:57 Iron Casting
43:09 Plate Mail Armor
43:01 Chain Barding Armor
44:03 Chieftains
46:31 Blast Furnace
45:11 Pikeman
46:10 Light Cavalry
47:43 Hoardings
46:32 Elite Skirmisher
48:38 Man-at-Arms
49:05 Gambesons
50:53 Ring Archer Armor
Connection lost

Rejoining the realm…

Still unreachable

The connection could not be restored.

Session expired

The server has moved on; the page needs a fresh start.